 Dungeon Crawl Stone Soup version 0.29-a0-378-gc08b2e8bf8 (webtiles) character file.

Game seed: 34919186641214963

597 zeratav the Fighter (level 7, 0/80 HPs)
             Began as an Ogre Gladiator on May 4, 2022.
             Slain by a centaur (4 damage)
             ... on level 5 of the Dungeon.
             The game lasted 00:06:04 (4047 turns).

zeratav the Fighter (Ogre Gladiator)                Turns: 4047, Time: 00:06:05

Health: 0/80       AC:  3    Str: 27    XL:     7   Next: 40%
Magic:  7/7        EV: 10    Int:  9    God:
Gold:   229        SH:  0    Dex: 10    Spells: 6/6 levels left

rFire   . . .      SeeInvis .   a - +0 war axe {axe}
rCold   . . .      Faith    .   (no shield)
rNeg    . . .      Spirit   .   b - +0 robe
rPois   .          Reflect  .   c - +0 hat
rElec   .          Harm     .   (no cloak)
rCorr   .          Rampage  .   (gloves unavailable)
Will    .....                   (boots unavailable)
Stlth   +.........              l - amulet of regeneration {@e2}
HPRegen 1.03/turn               g - +6 ring of strength
MPRegen 0.10/turn               o - ring of flight

@: flying
A: large, unfitting armour, tough skin 1
a: no special abilities


You were on level 5 of the Dungeon.
You visited 1 branch of the dungeon, and saw 5 of its levels.

You collected 229 gold pieces.


Innate Abilities, Weirdness & Mutations

You are too large for most types of armour.
You have tough skin. (AC +1)


   Skills:
 - Level 8.0 Fighting
 - Level 3.0 Axes
 + Level 5.5 Throwing
 - Level 2.6 Dodging


You had 6 spell levels left.
You didn't know any spells.
Your spell library contained the following spells:

 Spells                   Type           Power      Damage    Failure   Level
 Magic Dart               Conj           0%         1d3       38%         1
 Searing Ray              Conj           0%         2d4       52%         2
 Fulminant Prism          Conj/Hex       0%         3d6       99%         4

Inventory:

Hand Weapons
 a - a +0 war axe (weapon) {axe}
 n - a +2 vorpal falchion {long}
   (You took it off Terence on level 2 of the Dungeon)
 q - the +8 dagger of Vanity {vorpal, Dex+2, short}
   (You found it on level 2 of the Dungeon)

   It inflicts extra damage upon your enemies.
   Dex:       It affects your dexterity (+2).
 A - a +1 dagger of venom {short}
   (You took it off an orc wizard on level 5 of the Dungeon)
Missiles
 d - 2 throwing nets {=fthrowing}
 e - a large rock {=fthrowing}
 t - 35 stones (quivered) {throwing}
 z - 6 curare-tipped darts {=fthrowing}
Armour
 b - a +0 robe (worn)
 c - a +0 hat (worn)
 h - a +0 robe
   (You found it on level 1 of the Dungeon)
 r - a +0 robe
   (You found it on level 2 of the Dungeon)
 v - a +0 robe
   (You took it off an orc wizard on level 3 of the Dungeon)
 x - a +0 robe
   (You took it off an orc wizard on level 4 of the Dungeon)
 B - a +0 robe
   (You took it off an orc wizard on level 5 of the Dungeon)
Jewellery
 g - a +6 ring of strength (left hand)
   (You found it on level 1 of the Dungeon)
 i - a ring of magical power
   (You found it on level 1 of the Dungeon)
 l - an amulet of regeneration (around neck) {@e2}
   (You found it on level 1 of the Dungeon)
 o - a ring of flight (right hand)
   (You found it on level 2 of the Dungeon)
Wands
 y - a wand of flame (41)
   (You found it on level 4 of the Dungeon)
Scrolls
 f - a scroll of brand weapon {unknown}
 j - a scroll of enchant armour {unknown}
 k - 4 scrolls of identify {unknown}
 p - 3 scrolls of fog {unknown}
 s - a scroll of fear {unknown}
 u - 2 scrolls of teleportation {unknown}
Potions
 m - a potion of mutation {unknown}
 w - a potion of invisibility {unknown}

Dungeon Overview and Level Annotations

Branches:
Dungeon (5/15)
 Temple: D:4-7

Altars:

...........
#.........#
........... #
......)... ..
.....?...# .##
#........ ..###.
#.....?.(###......
.......w@.......#
.......lc......##
......(...).....#.
.....(.....!......
....(.......?.....
...(..............
...(##.[..........
(#(...<.......##.
................#


You could see a centaur, an iguana and a dart slug.


Message History

The stone {throwing} completely misses the iguana.
The centaur shoots an arrow.
The arrow hits you. The iguana barely misses you.
Throw: 47 stones {throwing}
Press: ? - help, Q - select action, (/) - cycle Shift-Dir - straight line, f/p - iguana
Aim: an iguana (moderately wounded, 66% to hit)
You throw a stone {throwing}.
The stone {throwing} barely misses the iguana.
The centaur unwields a +0 shortbow.
The centaur hits you. The centaur kicks you. The iguana misses you.
Throw: 46 stones {throwing}
Press: ? - help, Q - select action, (/) - cycle Shift-Dir - straight line, f/p - iguana
Aim: an iguana (moderately wounded, 66% to hit)
You throw a stone {throwing}.
The stone {throwing} closely misses the iguana.
The stone {throwing} hits the dart slug but does no damage.
The centaur hits you but does no damage.
The centaur closely misses you.
Throw: 45 stones {throwing}
Press: ? - help, Q - select action, (/) - cycle Shift-Dir - straight line, f/p - iguana
Aim: an iguana (moderately wounded, 66% to hit)
You throw a stone {throwing}.
The stone {throwing} hits the iguana but does no damage.
The iguana bites you! The centaur barely misses you. x2
Throw: 44 stones {throwing}
Press: ? - help, Q - select action, (/) - cycle Shift-Dir - straight line, f/p - iguana
Aim: an iguana (moderately wounded, 66% to hit)
You throw a stone {throwing}. The stone {throwing} hits the iguana.
The centaur hits you. The centaur barely misses you.
The iguana barely misses you.
Throw: 43 stones {throwing}
Press: ? - help, Q - select action, (/) - cycle Shift-Dir - straight line, f/p - iguana
Aim: an iguana (heavily wounded, 66% to hit)
You throw a stone {throwing}.
The stone {throwing} barely misses the iguana.
The stone {throwing} hits the dart slug.
The centaur hits you. The centaur closely misses you. The iguana bites you.
* * * LOW HITPOINT WARNING * * *
The centaur barely misses you.
The centaur kicks you but does no damage.
Throw: 42 stones {throwing}
Press: ? - help, Q - select action, (/) - cycle Shift-Dir - straight line, f/p - iguana
Aim: an iguana (heavily wounded, 66% to hit)
You throw a stone {throwing}. The stone {throwing} hits the iguana.
The centaur hits you but does no damage.
The centaur barely misses you. The iguana bites you.
* * * LOW HITPOINT WARNING * * *
Throw: 41 stones {throwing}
Press: ? - help, Q - select action, (/) - cycle Shift-Dir - straight line, f/p - iguana
Aim: an iguana (heavily wounded, 66% to hit)
You throw a stone {throwing}.
The stone {throwing} barely misses the iguana.
The centaur closely misses you. The centaur kicks you.
* * * LOW HITPOINT WARNING * * *
The iguana bites you!
* * * LOW HITPOINT WARNING * * *
Throw: 40 stones {throwing}
Press: ? - help, Q - select action, (/) - cycle Shift-Dir - straight line, f/p - iguana
Aim: an iguana (heavily wounded, 66% to hit)
You throw a stone {throwing}. The stone {throwing} hits the iguana.
The centaur hits you but does no damage.
The centaur completely misses you.
Throw: 39 stones {throwing}
Press: ? - help, Q - select action, (/) - cycle Shift-Dir - straight line, f/p - iguana
Aim: an iguana (severely wounded, 66% to hit)
You throw a stone {throwing}.
The stone {throwing} barely misses the iguana.
The centaur hits you.
* * * LOW HITPOINT WARNING * * *
The centaur barely misses you. The iguana closely misses you.
The dart slug barely misses you.
Throw: 38 stones {throwing}
Press: ? - help, Q - select action, (/) - cycle Shift-Dir - straight line, f/p - iguana
Aim: an iguana (severely wounded, 66% to hit)
You throw a stone {throwing}.
The stone {throwing} closely misses the iguana.
The centaur hits you.
* * * LOW HITPOINT WARNING * * *
The centaur kicks you but does no damage.
The iguana bites you!
* * * LOW HITPOINT WARNING * * *
The centaur hits you.
* * * LOW HITPOINT WARNING * * *
The centaur barely misses you.
Throw: 37 stones {throwing}
Press: ? - help, Q - select action, (/) - cycle Shift-Dir - straight line, f/p - iguana
Aim: an iguana (severely wounded, 66% to hit)
You throw a stone {throwing}. The stone {throwing} hits the iguana.
The dart slug bites you.
* * * LOW HITPOINT WARNING * * *
The centaur hits you.
* * * LOW HITPOINT WARNING * * *
The centaur kicks you but does no damage.
The iguana barely misses you.
Throw: 36 stones {throwing}
Press: ? - help, Q - select action, (/) - cycle Shift-Dir - straight line, f/p - iguana
Aim: an iguana (severely wounded, 66% to hit)
You throw a stone {throwing}.
The stone {throwing} closely misses the iguana.
The centaur hits you.
You die...

Skill      XL: |  1  2  3  4  5  6  7 |
---------------+----------------------+-----
Fighting       | 3 4 5 7 8 |  8.0
Throwing       | 4 5 |  5.5
Axes           | |  3.0
Dodging        | |  2.6

Action                   |  1- 3 |  4- 6 |  7- 9 || total
-------------------------+-------+-------+-------++-------
Melee: War axe           |    78 |   105 |     6 ||   189
       Punch             |     1 |     1 |       ||     2
Throw: Throwing net      |     2 |       |       ||     2
       Stone             |       |   126 |   118 ||   244
 Stab: Sleeping          |     1 |       |       ||     1
Armor: Robe              |    34 |    69 |    26 ||   129
Dodge: Dodged            |    41 |   127 |    46 ||   214

Levels and vault maps discovered:
D:1:      minmay_arrival_pointy, layout_loops_ring, minmay_rat_gold_closets
D:2:      layout_basic, uniq_terence
D:3:      layout_loops_ring, ebering_ecumenical_altar_hall,
          minmay_divided_ellipse
D:4:      layout_basic
D:5:      layout_cave_pools, gammafunk_temple_overflow_elements,
          minmay_temple_entry_gardened_gates, minmay_misc_feat_square,
          serial_bayou_pond_e

Notes
Turn   | Place    | Note
-------+----------+-------------------------------------------
     0 | D:1      | zeratav the Ogre Gladiator began the quest for the Orb.
     0 | D:1      | Reached XP level 1. HP: 22/22 MP: 1/1
     0 | D:1      | magus.rc [v1.9.6]
    96 | D:1      | Reached skill level 3 in Fighting
   311 | D:1      | Reached XP level 2. HP: 15/32 MP: 2/2
   687 | D:1      | Reached skill level 4 in Fighting
  1043 | D:2      | You pick up a book of Conjurations {@e2} and begin
                  | reading...
  1043 | D:2      | You add the spells Magic Dart, Searing Ray and Fulminant
                  | Prism to your library.
  1133 | D:2      | Reached XP level 3. HP: 40/40 MP: 3/3
  1157 | D:2      | Noticed Terence
  1165 | D:2      | Killed Terence
  1166 | D:2      | Reached skill level 5 in Fighting
  1248 | D:2      | Reached XP level 4. HP: 50/50 MP: 4/4
  1365 | D:2      | Reached skill level 6 in Fighting
  1406 | D:2      | Identified the +8 dagger of Vanity {vorpal, Dex+2}
  1949 | D:3      | Noticed an ice beast
  1956 | D:3      | Killed an ice beast
  1957 | D:3      | Reached skill level 7 in Fighting
  1957 | D:3      | Reached XP level 5. HP: 57/63 MP: 5/5
  2097 | D:3      | Reached skill level 8 in Fighting
  2097 | D:3      | Reached XP level 6. HP: 40/72 MP: 6/6
  2098 | D:3      | Reached skill level 3 in Throwing
  2525 | D:3      | Found a faded altar of an unknown god.
  2945 | D:4      | Reached skill level 4 in Throwing
  3005 | D:4      | Noticed a black bear
  3016 | D:4      | Killed a black bear
  3017 | D:4      | Reached XP level 7. HP: 33/80 MP: 7/7
  3097 | D:4      | Reached skill level 5 in Throwing
  3981 | D:5      | Entered Level 5 of the Dungeon
  4045 | D:5      | HP: 19/80 [centaur (4)]
  4045 | D:5      | HP: 8/80 [iguana (11)]
  4046 | D:5      | HP: 3/80 [centaur (1)]
  4047 | D:5      | Slain by a centaur

Vanquished Creatures
  A black bear (D:4)
  An ice beast (D:3)
  A scorpion (D:3)
  A hound (D:4)
  An orc priest (D:4)
  Terence (D:2)
  3 orc wizards
  An iguana (D:3)
  7 adders
  4 worms
  3 dart slugs
  6 orcs
  8 bats
  7 endoplasms
  3 giant cockroaches
  8 goblins
  7 hobgoblins
  4 jackals (D:4)
  2 kobolds (D:1)
  4 quokkas
  7 ball pythons
  3 frilled lizards
  14 rats
97 creatures vanquished.

Table legend:
 A = Non-vault XP
 B = Vault XP
 C = Vault XP percentage of total XP
 D = Non-vault monster count
 E = Vault monster count
 F = Vault count percentage of total count
                 A         B        C        D         E       F
            +---------+---------+-------+---------+---------+-------
      Total |     662 |     192 |  22.5 |      76 |      21 |  21.6
            +---------+---------+-------+---------+---------+-------
        D:1 |      21 |       7 |  25.0 |      14 |       7 |  33.3
        D:2 |      84 |      36 |  30.0 |      22 |       1 |   4.3
        D:3 |     206 |     149 |  42.0 |      18 |      13 |  41.9
        D:4 |     307 |       0 |   0.0 |      18 |       0 |   0.0
        D:5 |      44 |       0 |   0.0 |       4 |       0 |   0.0
            +---------+---------+-------+---------+---------+-------

Illustrated notes

Table legend:
 A = Kills in this place as a percentage of kills in entire the game.
 B = Kills by you in this place as a percentage of kills by you in the entire game.
 C = Kills by friends in this place as a percentage of kills by friends in the entire game.
 D = Other kills in this place as a percentage of other kills in the entire game.
 E = Experience gained in this place as a percentage of experience gained in the entire game.
 F = Experience gained in this place divided by the number of levels of this place that you have seen.
                   A       B       C       D       E      F
               +-------+-------+-------+-------+-------+----------------------
         Total | 100.0 | 100.0 |   N/A |   N/A | 100.0 | 170.8
       Dungeon | 100.0 | 100.0 |   N/A |   N/A | 100.0 | 170.8
               +-------+-------+-------+-------+-------+----------------------

Table legend: (Time is in decaauts)
 A = Elapsed time spent in this place.
 B = Non-inter-level travel time spent in this place.
 C = Inter-level travel time spent in this place.
 D = Time resting spent in this place.
 E = Time spent auto-exploring this place.
 F = Levels seen in this place.
 G = Mean time per level.
                   A        B        C        D        E       F      G
               +--------+--------+--------+--------+--------+-----+--------+
         Total |   4084 |   3786 |    298 |     49 |   2984 |   5 |  816.8 |
       Dungeon |   4084 |   3786 |    298 |     49 |   2984 |   5 |  816.8 |
               +--------+--------+--------+--------+--------+-----+--------+

Top non-repeatable levels by time:
     D:4: 1130 daAuts
     D:1: 1045 daAuts
     D:3: 987 daAuts
     D:2: 863 daAuts
     D:5: 58 daAuts
